 Dungeon Crawl Stone Soup version 0.31.0-11-ge490571c62 (webtiles) character file.

Game seed: 8710435015556522295

63 Ashen the Sneak (level 4, -1/32 HPs)
             Began as a Gnoll Enchanter on Feb 3, 2024.
             Slain by a gnoll
             ... wielding a +0 whip
              (2 damage)
             ... on level 2 of the Dungeon.
             The game lasted 00:02:44 (1170 turns).

Ashen the Sneak (Gnoll Enchanter)                   Turns: 1170, Time: 00:02:45

Health: -1/32      AC:  2    Str:  8    XL:     4   Next: 9%
Magic:  10/20      EV: 13    Int: 14    God:
Gold:   89         SH:  0    Dex: 14    Spells: 11/13 levels left

rFire   . . .        a - +1 dagger
rCold   . . .        (no shield)
rNeg    . . .        b - +0 robe
rPois   .            (no helmet)
rElec   .            (no cloak)
rCorr   .            (no gloves)
SInv    .            (no boots)
Will    .....        (no amulet)
Stlth   +++          d - ring of magical power
HPRegen 0.25/turn    (no ring)
MPRegen 0.17/turn

%: no passive effects
@: invisible
A: fangs 1, strong nose, distributed training
a: no special abilities


You were on level 2 of the Dungeon.
You visited 1 branch of the dungeon, and saw 2 of its levels.

You collected 89 gold pieces.

Inventory:

Hand Weapons
 a - a +1 dagger (weapon)
Armour
 b - a +0 robe (worn)
Jewellery
 d - a ring of magical power (left hand)
Scrolls
 e - 2 scrolls of torment {unknown}
 g - 2 scrolls of identify {unknown}
 h - 2 scrolls of blinking {unknown}
 j - a scroll of fog {unknown}
 k - a scroll of teleportation {unknown}
 l - a scroll of fear {unknown}
Potions
 c - a potion of invisibility
 f - 2 potions of curing {unknown}
 i - a potion of might {unknown}
 m - a potion of lignification {unknown}


   Skills:
 + Level 1.1 Fighting
 + Level 2.7 Short Blades
 + Level 1.1 Long Blades
 + Level 1.1 Axes
 + Level 1.1 Maces & Flails
 + Level 1.1 Polearms
 + Level 1.1 Staves
 + Level 1.1 Ranged Weapons
 + Level 1.1 Throwing
 + Level 1.1 Armour
 + Level 4.6 Dodging
 + Level 6.0 Stealth
 + Level 1.1 Shields
 + Level 1.1 Unarmed Combat
 + Level 5.0 Spellcasting
 + Level 0.8 Conjurations
 + Level 5.4 Hexes
 + Level 0.8 Summonings
 + Level 0.8 Necromancy
 + Level 0.8 Translocations
 + Level 0.8 Fire Magic
 + Level 0.8 Ice Magic
 + Level 0.8 Air Magic
 + Level 0.8 Earth Magic
 + Level 0.8 Alchemy
 + Level 1.2 Invocations
 + Level 1.1 Evocations
 + Level 1.0 Shapeshifting


You had 11 spell levels left.
You knew the following spells:

 Your Spells              Type           Power      Damage    Failure   Level
a - Ensorcelled Hibernat  Hex/Ice        24%        N/A       7%          2

Your spell library contained the following spells:

 Spells                   Type           Power      Damage    Failure   Level
 Confusing Touch          Hex            18%        N/A       5%          3
 Tukima's Dance           Hex            18%        N/A       5%          3
 Dazzling Flash           Conj/Hex       24%        N/A       14%         3
 Passage of Golubria      Tloc           6%         N/A       77%         4
 Yara's Violent Unravell  Hex/Alch       6%         3d5       78%         5


Dungeon Overview and Level Annotations

Branches:
Dungeon (2/15)

Altars:


Innate Abilities, Weirdness & Mutations

You have very sharp teeth.
Your uncanny sense of smell can sniff out nearby items.
Your experience applies equally to all skills.


Message History

Casting: Ensorcelled Hibernation (safe; 8% risk of failure)
Confirm with . or Enter, or press ? or * to list all spells.
Aiming: Ensorcelled Hibernation (safe; 8% risk of failure)
Press: ? - help, Shift-Dir - straight line, f/p - gnoll
Aim: a gnoll, wielding a +0 club (chance to affect: 54%)
The gnoll resists with significant effort.
The gnoll hits you with a +0 whip! The gnoll misses you.
Casting: Ensorcelled Hibernation (safe; 8% risk of failure)
Confirm with . or Enter, or press ? or * to list all spells.
Aiming: Ensorcelled Hibernation (safe; 8% risk of failure)
Press: ? - help, Shift-Dir - straight line, f/p - gnoll
Aim: a gnoll, wielding a +0 club (chance to affect: 54%)
The gnoll looks drowsy...
The gnoll hits you with a +0 whip.
The helpless gnoll fails to defend itself.
You impale the gnoll!!
You kill the gnoll!
The gnoll misses you. The gnoll closely misses you.
Your Shapeshifting skill increases to level 1!
You have reached level 4!
You feel stronger.
Casting: Ensorcelled Hibernation (safe; 7% risk of failure)
Confirm with . or Enter, or press ? or * to list all spells.
Aiming: Ensorcelled Hibernation (safe; 7% risk of failure)
Press: ? - help, Shift-Dir - straight line, f - gnoll
Aim: a gnoll, wielding a +0 whip (chance to affect: 54%)
The gnoll resists with significant effort.
The gnoll misses you. The gnoll hits you with a +0 whip!
Casting: Ensorcelled Hibernation (safe; 7% risk of failure)
Confirm with . or Enter, or press ? or * to list all spells.
Aiming: Ensorcelled Hibernation (safe; 7% risk of failure)
Press: ? - help, Shift-Dir - straight line, f/p - gnoll
Aim: a gnoll, wielding a +0 whip (chance to affect: 54%)
The gnoll resists with significant effort.
The gnoll hits you with a +0 whip.
* * * LOW HITPOINT WARNING * * *
The gnoll hits you with a +0 whip!
* * * LOW HITPOINT WARNING * * *
You fade into invisibility!
The gnoll misses you. The gnoll hits you with a +0 whip.
You die...

.# ...## ######
.....# #...?#
#.....# #....#
#...)## #....##
#.g@## #.....###
##g..### #.†.....
##....###
##..###.#
##..?..###.......#
##.....?....#####
###............#
###.......#..#
#####....... .
#..##.##


You could see 2 gnolls.

Vanquished Creatures
  A gnoll (D:2)
  2 adders (D:2)
  A dart slug (D:2)
  4 endoplasms (D:1)
  2 giant cockroaches
  3 goblins
  A hobgoblin (D:2)
  2 quokkas
  A ball python (D:2)
  5 bats
  A frilled lizard (D:2)
  4 kobolds
  7 rats
34 creatures vanquished.

Notes
Turn   | Place    | Note
-------+----------+-------------------------------------------
     0 | D:1      | Ashen the Gnoll Enchanter began the quest for the Orb.
     0 | D:1      | Reached XP level 1. HP: 13/13 MP: 6/6
    91 | D:1      | You fall into a shaft and drop 1 floor!
   197 | D:2      | Reached XP level 2. HP: 9/20 MP: 7/7
   200 | D:2      | Learned a level 2 spell: Ensorcelled Hibernation
   530 | D:1      | Reached skill level 5 in Spellcasting
   530 | D:1      | Reached XP level 3. HP: 21/25 MP: 9/9
   676 | D:1      | Reached skill level 6 in Stealth
   839 | D:1      | Reached skill level 1 in Invocations
   985 | D:2      | Reached skill level 1 in Fighting
   985 | D:2      | Reached skill level 1 in Long Blades
   985 | D:2      | Reached skill level 1 in Axes
   985 | D:2      | Reached skill level 1 in Maces & Flails
   985 | D:2      | Reached skill level 1 in Polearms
   985 | D:2      | Reached skill level 1 in Staves
   985 | D:2      | Reached skill level 1 in Ranged Weapons
   985 | D:2      | Reached skill level 1 in Throwing
   985 | D:2      | Reached skill level 1 in Armour
   985 | D:2      | Reached skill level 1 in Shields
   985 | D:2      | Reached skill level 1 in Unarmed Combat
   985 | D:2      | Reached skill level 1 in Evocations
  1168 | D:2      | Reached skill level 1 in Shapeshifting
  1168 | D:2      | Reached XP level 4. HP: 21/32 MP: 11/11
  1169 | D:2      | HP: 1/32 [gnoll/+0 whip (8)]
  1170 | D:2      | Slain by a gnoll

Illustrated notes

Levels and vault maps discovered:
D:1:      scummos_arrival_checkerplants, layout_rooms
D:2:      layout_basic, serial_curves, eino_curves_01, eino_curves_03

Skill      XL: |  1  2  3 |
---------------+----------+-----
Spellcasting   | 5 |  5.0
Stealth        | 6 |  6.0
Invocations    | 1 |  1.2
Fighting       | 1 |  1.1
Long Blades    | 1 |  1.1
Axes           | 1 |  1.1
Maces & Flails | 1 |  1.1
Polearms       | 1 |  1.1
Staves         | 1 |  1.1
Ranged Weapons | 1 |  1.1
Throwing       | 1 |  1.1
Armour         | 1 |  1.1
Shields        | 1 |  1.1
Unarmed Combat | 1 |  1.1
Evocations     | 1 |  1.1
Shapeshifting  | 1 |  1.0
Short Blades   | |  2.7
Dodging        | |  4.6
Conjurations   | |  0.8
Hexes          | |  5.4
Summonings     | |  0.8
Necromancy     | |  0.8
Translocations | |  0.8
Fire Magic     | |  0.8
Ice Magic      | |  0.8
Air Magic      | |  0.8
Earth Magic    | |  0.8
Alchemy        | |  0.8

Action                     |  1- 3 |  4- 6 || total
---------------------------+-------+-------++-------
  Melee: Dagger            |    87 |       ||    87
         Bite              |     4 |       ||     4
         Punch             |     2 |       ||     2
   Cast: Ensorcelled Hiber |    27 |     2 ||    29
    Use: Potion            |       |     1 ||     1
   Stab: Sleeping          |    27 |       ||    27
 Armour: Robe              |    44 |     4 ||    48
  Dodge: Dodged            |    58 |     2 ||    60
